 Dungeon Crawl Stone Soup version 0.28.0-53-g5a82cb258f (webtiles) character file.

Game seed: 3539080826130679815

87 themarg the Cudgeller (level 4, -1/34 HPs)
             Began as a Gnoll Wanderer on June 11, 2022.
             Was a Plaything of Xom.
             Killed by divine providence
             ... invoked by an orc priest
              (10 damage)
             ... on level 3 of the Dungeon.
             The game lasted 00:07:15 (2764 turns).

themarg the Cudgeller (Gnoll Wanderer)              Turns: 2764, Time: 00:07:15

Health: -1/34      AC:  4    Str: 12    XL:     4   Next: 51%
Magic:  8/8        EV: 11    Int: 12    God:    Xom [..*...]
Gold:   33         SH:  0    Dex: 12    Spells: 8/9 levels left

rFire   . . .      SeeInvis .   f - +4 dagger
rCold   . . .      Faith    .   (no shield)
rNeg    . . .      Spirit   .   c - +0 leather armour
rPois   .          Reflect  .   (no helmet)
rElec   .          Harm     .   (no cloak)
rCorr   .          Rampage  .   (no gloves)
Will    .....                   b - +0 pair of boots
Stlth   ++........              (no amulet)
HPRegen 0.11/turn               (no ring)
MPRegen 0.11/turn               (no ring)

@: no status effects
A: fangs 1, strong nose, distributed training
a: Renounce Religion


You were on level 3 of the Dungeon.
You worshipped Xom.
You were a toy of Xom.
You visited 1 branch of the dungeon, and saw 3 of its levels.

You collected 33 gold pieces.

Inventory:

Hand Weapons
 a - a +2 mace
 f - a +4 dagger (weapon)
 o - a +0 short sword of speed
Missiles
 i - a throwing net
 p - 3 boomerangs
Armour
 b - a +0 pair of boots (worn)
 c - a +0 leather armour (worn)
Scrolls
 d - a scroll of identify {unknown}
 e - a scroll of vulnerability
 h - a scroll of noise {unknown}
 k - a scroll of magic mapping {unknown}
 m - a scroll of immolation {unknown}
 n - 2 scrolls of summoning {unknown}
Potions
 g - a potion of resistance {unknown}
 j - a potion of heal wounds {unknown}
 l - a potion of mutation {unknown}


   Skills:
 + Level 2.7 Fighting
 + Level 1.1 Short Blades
 + Level 1.1 Long Blades
 + Level 1.1 Axes
 + Level 6.6 Maces & Flails
 + Level 1.1 Polearms
 + Level 1.1 Staves
 + Level 1.1 Slings
 + Level 1.1 Bows
 + Level 1.1 Crossbows
 + Level 1.1 Throwing
 + Level 2.7 Armour
 + Level 1.1 Dodging
 + Level 4.2 Stealth
 + Level 1.1 Shields
 + Level 1.1 Unarmed Combat
 + Level 3.0 Spellcasting
 + Level 3.8 Conjurations
 + Level 0.9 Hexes
 + Level 0.9 Summonings
 + Level 0.9 Necromancy
 + Level 0.9 Translocations
 + Level 0.9 Transmutations
 + Level 0.9 Fire Magic
 + Level 0.9 Ice Magic
 + Level 0.9 Air Magic
 + Level 0.9 Earth Magic
 + Level 0.9 Poison Magic
 + Level 1.2 Invocations
 + Level 1.1 Evocations


You had 8 spell levels left.
You knew the following spells:

 Your Spells              Type           Power      Damage    Failure   Level
a - Magic Dart            Conj           44%        1d5       6%          1

Your spell library contained the following spells:

 Spells                   Type           Power      Damage    Failure   Level
 Mephitic Cloud           Conj/Pois/Air  6%         N/A       38%         3


Dungeon Overview and Level Annotations

Branches:
Dungeon (3/15)

Altars:
Ru
Xom

Shops:
D:1 !([

Annotations:
D:3 Grinder


Innate Abilities, Weirdness & Mutations

You have very sharp teeth.
Your uncanny sense of smell can sniff out nearby items.
Your experience applies equally to all skills.


Message History

HP restored.
An orc wizard comes into view. It is wielding a +0 dagger.
Items here: ( ) [ †.
o - a +0 short sword of speed;
p - 3 boomerangs An orc priest and a ball python come into view.
The helpless orc wizard fails to defend itself.
You puncture the orc wizard!
The orc wizard is severely wounded.
The orc wizard gestures wildly while chanting.
The orc wizard flickers and vanishes!
Deactivating autopickup; reactivate with Ctrl-A.
You hit something.
You hear some strange, mumbled words.
A magic dart appears from out of thin air!
The magic dart hits you.
You barely miss something. Something hits you.
You hit something.
Reactivating autopickup.
You feel a bit more experienced.
The orc priest shouts!
You hear an angry hiss.
The orc priest hits you from afar with a +0 trident.
Your Spellcasting skill increases to level 3!
The ball python hisses angrily.
The orc priest invokes the aid of Beogh against you.
Beogh smites you!
Things that are here:
a +0 dagger; a +0 robe; an orc corpse The orc priest invokes the aid of Beogh against you.
Pain shoots through your body!
You hit the orc priest.
The orc priest is moderately wounded.
The orc priest closely misses you.
You completely miss the orc priest. You bite the orc priest.
The orc priest is moderately wounded.
The orc priest hits you with a +0 trident.
* * * LOW HITPOINT WARNING * * *
The orc priest calls down the wrath of Beogh upon you.
Beogh smites you!
You die...
Xom guffaws!

### ∆ ..#
######.#
#....#.#
#.##.#S#
#.#..#o# #.
#.#[##.# #.
#.#..@)# #.
#.###### #.
#......# #.
######.#
##.#####....#.#
#.#....#.##.#.#
##..<##
#.#..#.#
#.....#
#.#.##.#
##...##
#.#....#


You could see an orc priest and a ball python.

Vanquished Creatures
  An orc wizard (D:3)
  2 adders (D:2)
  A worm (D:2)
  3 dart slugs
  An orc (D:3)
  4 bats (D:1)
  2 giant cockroaches (D:2)
  2 goblins
  3 hobgoblins (D:1)
  4 jackals
  6 kobolds
  A quokka (D:3)
  A ball python (D:2)
  4 rats
35 creatures vanquished.

Vanquished Creatures (others)
  2 plants (D:1)
2 creatures vanquished.

Grand Total: 37 creatures vanquished

Notes
Turn   | Place    | Note
-------+----------+-------------------------------------------
     0 | D:1      | themarg the Gnoll Wanderer began the quest for the Orb.
     0 | D:1      | themarg set off with the following items: a +2 mace, a +0
                  | pair of boots, a +0 leather armour; and the following spell
                  | memorised: Magic Dart; and the following spells available
                  | to memorise: Mephitic Cloud
     0 | D:1      | Reached XP level 1. HP: 17/17 MP: 4/4
   156 | D:1      | Reached XP level 2. HP: 21/23 MP: 5/5
   352 | D:1      | Found Metwuvoy's Weapon Shop.
   541 | D:1      | Found Suinta's Distillery.
   765 | D:1      | Found Eqapuarph's Antique Armour Boutique.
  1165 | D:2      | Reached XP level 3. HP: 17/28 MP: 7/7
  1285 | D:2      | Found a sacrificial altar of Ru.
  1472 | D:2      | Found a faded altar of an unknown god.
  1476 | D:2      | Reached skill level 1 in Invocations
  1479 | D:2      | Prayed at the altar of an unknown god.
  1479 | D:2      | Became a worshipper of Xom of Unknown Intention
  1681 | D:2      | Reached skill level 1 in Short Blades
  1681 | D:2      | Reached skill level 1 in Long Blades
  1681 | D:2      | Reached skill level 1 in Axes
  1681 | D:2      | Reached skill level 1 in Polearms
  1681 | D:2      | Reached skill level 1 in Staves
  1681 | D:2      | Reached skill level 1 in Slings
  1681 | D:2      | Reached skill level 1 in Bows
  1681 | D:2      | Reached skill level 1 in Crossbows
  1681 | D:2      | Reached skill level 1 in Throwing
  1681 | D:2      | Reached skill level 1 in Dodging
  1681 | D:2      | Reached skill level 1 in Shields
  1681 | D:2      | Reached skill level 1 in Unarmed Combat
  1681 | D:2      | Reached skill level 1 in Evocations
  1928 | D:2      | Reached XP level 4. HP: 33/34 MP: 8/8
  2031 | D:2      | XOM: noise
  2051 | D:2      | XOM: noise
  2373 | D:3      | Noticed Grinder
  2373 | D:3      | Paralysed by Grinder for 4 turns
  2764 | D:3      | Killed from afar by an orc priest

Illustrated notes

Levels and vault maps discovered:
D:1:      heliophobic_arrival_ceremonial_halls, layout_basic, serial_bayou,
          serial_bayou_ford_a, serial_bayou_shore_a, serial_bayou_crossing,
          serial_bayou_pond_b, serial_bayou_pond_a, serial_shops, shop, shop,
          nicolae_shop_stone
D:2:      layout_loops_ring, dreamdust_ecumenical_altar_hidden_monk_grotto,
          basic_altar
D:3:      layout_loops_corners, patterned_corridor, uniq_jessica, uniq_grinder

Skill      XL: |  1  2  3  4 |
---------------+-------------+-----
Invocations    | 1 |  1.2
Short Blades   | 1 |  1.1
Long Blades    | 1 |  1.1
Axes           | 1 |  1.1
Polearms       | 1 |  1.1
Staves         | 1 |  1.1
Slings         | 1 |  1.1
Bows           | 1 |  1.1
Crossbows      | 1 |  1.1
Throwing       | 1 |  1.1
Dodging        | 1 |  1.1
Shields        | 1 |  1.1
Unarmed Combat | 1 |  1.1
Evocations     | 1 |  1.1
Spellcasting   | 3 |  3.0
Fighting       | |  2.7
Maces & Flails | |  6.6
Armour         | |  2.7
Stealth        | |  4.2
Conjurations   | |  3.8
Hexes          | |  0.9
Summonings     | |  0.9
Necromancy     | |  0.9
Translocations | |  0.9
Transmutations | |  0.9
Fire Magic     | |  0.9
Ice Magic      | |  0.9
Air Magic      | |  0.9
Earth Magic    | |  0.9
Poison Magic   | |  0.9

Action                   |  1- 3 |  4- 6 || total
-------------------------+-------+-------++-------
Melee: Mace              |    24 |       ||    24
       Dagger            |    60 |    28 ||    88
       Bite              |     6 |     3 ||     9
 Cast: Magic Dart        |     4 |       ||     4
  Use: Scroll            |       |     1 ||     1
 Stab: Sleeping          |     5 |     2 ||     7
Armor: Leather armour    |    29 |     9 ||    38
Dodge: Dodged            |    51 |     8 ||    59
